 Dungeon Crawl Stone Soup version 0.31-a0-217-g58bb5d79cf (webtiles) character file.

Game seed: 16540813006465088635

485 qw the Chopper (level 7, -18/43 HPs)
             Began as a Gargoyle Fighter on July 2, 2023.
             Demolished by an ogre
             ... wielding a +0 giant club
              (27 damage)
             ... on level 5 of the Dungeon.
             The game lasted 00:01:38 (3286 turns).

qw the Chopper (Gargoyle Fighter)                   Turns: 3286, Time: 00:01:39

Health: -18/43     AC: 16    Str: 22    XL:     7   Next: 13%
Magic:  7/7        EV: 14    Int:  8    God:
Gold:   35         SH:  4    Dex:  9    Spells: 6/6 levels left

rFire   . . .        Y - +0 war axe (venom)
rCold   . . .        c - +0 buckler
rNeg    + . .        b - +0 scale mail
rPois   inf          (no helmet)
rElec   +            (no cloak)
rCorr   .            (no gloves)
SInv    .            g - +0 pair of boots
Will    .....        (no amulet) Stlth
                     i - +5 ring of evasion
HPRegen 0.27/turn    o - +4 ring of protection
MPRegen 0.10/turn

%: no passive effects
@: no status effects
A: sickness immunity, AC +4, negative energy resistance 1, electricity
resistance, torment resistance 1, petrification resistance
a: no special abilities


You were on level 5 of the Dungeon.
You visited 1 branch of the dungeon, and saw 5 of its levels.

You collected 251 gold pieces.
You spent 216 gold pieces at shops.


Innate Abilities, Weirdness & Mutations

You are immune to sickness and miasma.
Your stone body is resilient. (AC +4)
You are immune to poison.
You resist negative energy. (rN+)
You are resistant to electric shocks. (rElec)
You are resistant to unholy torment.
You are immune to petrification.


   Skills:
 - Level 4.2 Fighting
 + Level 6.2 Axes
 - Level 3.2 Armour
 - Level 1.2 Dodging
 - Level 3.2 Shields


You had 6 spell levels left.
You didn't know any spells.
Your spell library was empty.

Inventory:

Hand Weapons
 k - a +0 mace
 Y - a +0 war axe of venom (weapon)
Armour
 b - a +0 scale mail (worn)
 c - a +0 buckler (worn)
 g - a +0 pair of boots (worn)
Jewellery
 i - a +5 ring of evasion (left hand)
 o - a +4 ring of protection (right hand)
Scrolls
 e - a scroll of identify
Potions
 a - a potion of attraction
 d - a potion of might
 h - a potion of brilliance {unknown}
 j - 4 potions of haste
 l - a potion of lignification {unknown}
 m - a potion of enlightenment {unknown}
 q - a potion of heal wounds

Dungeon Overview and Level Annotations

Branches:
Dungeon (5/15)
 Temple: D:4-7

Altars:
Hepliaklqana
The Shining One

Shops:
D:2 (   D:4 !(


Message History

The orc priest looks braver for a moment.
A scorpion comes into view.
The adder bites you. You block the ogre's attack.
You slash the adder!
You kill the adder!
You closely miss the ogre. You completely miss the adder. You hit the iguana.
The iguana is poisoned.
You kill the adder!
The iguana completely misses you. The iguana closely misses you.
The orc priest barely misses you. The ogre barely misses you. x2
The orc wizard casts a spell at you. The puff of flame hits you!
You barely miss the iguana.
The iguana is severely wounded.
The orc shouts!
You slash the ogre!
The ogre is poisoned.
You hit the ogre.
The ogre looks as sick as possible!
You barely miss the orc wizard. The orc wizard barely misses you.
The orc priest invokes the aid of Beogh against you.
Beogh smites you! The iguana closely misses you.
3284 ||| DRINKING 2 potions of heal wounds.
You feel much better. You block the ogre's attack. The ogre misses you.
You block the iguana's attack. You block the orc wizard's attack.
The orc priest hits you but does no damage.
You slash the iguana!
You kill the iguana!
You hit the ogre.
The ogre looks as sick as possible!
You closely miss the ogre. You closely miss the orc wizard.
A scorpion comes into view.
The orc wizard closely misses you. The ogre barely misses you.
You block the orc priest's attack. The ogre barely misses you.
You closely miss the ogre.
The ogre is severely wounded.
You closely miss the ogre. You hit the orc wizard.
The orc wizard is poisoned.
You block the orc priest's attack. The orc wizard barely misses you.
The ogre hits you with a +0 giant spiked club!
The ogre hits you with a +0 giant club!!
Ouch! That really hurt!
You die...

..............<.#
#............#..#
#.........?### .
..##.#......#
..#..##.....##
.... #......###
... ###.$.......
....#......(....
......O@.##....#
..#.#.Oo## #o..#
#


##osl ..## #.r.o ..# .#.... # ..###... #. ..s. .. ..... You could see 2 ogres, 2
scorpions, an iguana, an orc priest, an orc wizard (very poisoned), an orc and a
quokka.

Vanquished Creatures
  A howler monkey (D:4)
  2 orc priests (D:5)
  2 hounds
  A jelly (D:4)
  Jessica (D:2)
  2 iguanas
  2 sleepcaps
  An orc wizard (D:5)
  7 adders
  3 worms
  2 orcs
  3 endoplasms
  3 giant cockroaches
  9 goblins
  8 hobgoblins
  9 kobolds
  4 quokkas
  6 ball pythons
  10 bats
  A frilled lizard (D:3)
  4 rats
81 creatures vanquished.

Notes
Turn   | Place    | Note
-------+----------+-------------------------------------------
     0 | D:1      | qw the Gargoyle Fighter began the quest for the Orb.
     0 | D:1      | Reached XP level 1. HP: 14/14 MP: 1/1
     0 | D:1      | 0 ||| qw: Version: 0.3-a-40-ge99b1a8
     0 | D:1      | 0 ||| qw: Game counter: 7972
     0 | D:1      | 0 ||| qw: Melee chars always use a shield: true
     0 | D:1      | 0 ||| qw: God list: Okawaru
     0 | D:1      | 0 ||| qw: Allow faded altars: false
     0 | D:1      | 0 ||| qw: Do Orc after clearing Dungeon:15 true
     0 | D:1      | 0 ||| qw: Do second Lair branch before Depths: true
     0 | D:1      | 0 ||| qw: Lair rune preference: random
     0 | D:1      | 0 ||| qw: Goals: Normal, Zot:1-4, Slime:5, God:TSO, Crypt,
                  | Tomb, Abyss, Pan, Hells, Win
     0 | D:1      | 0 ||| PLANNING D:1-11
    40 | D:1      | Reached skill level 2 in Axes
   206 | D:1      | 206 ||| Stepping ~*~*~tactically~*~*~ (stealth).
   212 | D:1      | 212 ||| Stepping ~*~*~tactically~*~*~ (stealth).
   233 | D:1      | Reached XP level 2. HP: 19/19 MP: 2/2
   478 | D:1      | Reached skill level 3 in Axes
   663 | D:1      | 663 ||| READING scroll labelled TEWANO FANAELE.
   700 | D:2      | Reached XP level 3. HP: 20/23 MP: 3/3
   700 | D:2      | 700 ||| STAIRDANCE
   731 | D:2      | Noticed Jessica
   736 | D:2      | Killed Jessica
   749 | D:2      | 749 ||| DROPPING +0 club.
   751 | D:2      | 751 ||| Stepping ~*~*~tactically~*~*~ (stealth).
   770 | D:2      | 770 ||| Stepping ~*~*~tactically~*~*~ (stealth).
   821 | D:2      | 821 ||| Stepping ~*~*~tactically~*~*~ (hiding).
   823 | D:2      | 823 ||| Stepping ~*~*~tactically~*~*~ (hiding).
   826 | D:2      | 826 ||| Stepping ~*~*~tactically~*~*~ (hiding).
   832 | D:2      | Reached XP level 4. HP: 28/28 MP: 4/4
   975 | D:2      | Found Dororai's Weapon Shop.
   989 | D:2      | 989 ||| DRINKING 2 orange potions.
  1138 | D:2      | Reached skill level 4 in Axes
  1189 | D:2      | 1189 ||| Stepping ~*~*~tactically~*~*~ (stealth).
  1222 | D:2      | 1222 ||| Stepping ~*~*~tactically~*~*~ (stealth).
  1418 | D:2      | 1418 ||| READING scroll labelled XOHEVV CUOT.
  1754 | D:3      | 1754 ||| Stepping ~*~*~tactically~*~*~ (stealth).
  1793 | D:3      | Reached XP level 5. HP: 32/32 MP: 5/5
  2254 | D:3      | 2254 ||| UPGRADING to +5 ring of evasion.
  2255 | D:3      | 2255 ||| READING 2 scrolls labelled GUTAXZIAZI.
  2256 | D:3      | 2256 ||| READING scroll of brand weapon.
  2256 | D:3      | 2256 ||| BRANDING +0 war axe of electrocution.
  2257 | D:3      | 2257 ||| READING 3 scrolls of identify.
  2257 | D:3      | 2257 ||| IDENTIFYING murky white potion
  2258 | D:3      | 2258 ||| READING 2 scrolls of identify.
  2258 | D:3      | 2258 ||| IDENTIFYING smoky black potion
  2259 | D:3      | 2259 ||| DROPPING potion of ambrosia.
  2400 | D:4      | Found a hazy altar of Hepliaklqana.
  2445 | D:4      | 2445 ||| DROPPING +0 whip.
  2618 | D:4      | Reached skill level 5 in Axes
  2659 | D:4      | Reached XP level 6. HP: 24/38 MP: 6/6
  2693 | D:4      | 2693 ||| FLEEEEING.
  2719 | D:4      | Found Popatzoe's Distillery.
  2762 | D:4      | 2762 ||| BUYING potion of curing (36 gold).
  2762 | D:4      | Bought a potion of curing for 36 gold pieces
  2762 | D:4      | 2762 ||| BUYING potion of haste (120 gold).
  2762 | D:4      | Bought a potion of haste for 120 gold pieces
  2762 | D:4      | 2762 ||| BUYING potion of heal wounds (60 gold).
  2762 | D:4      | Bought a potion of heal wounds for 60 gold pieces
  2762 | D:4      | 2762 ||| SHOPLISTING potion of lignification (36 gold, have
                  | 21).
  2933 | D:4      | Reached skill level 1 in Dodging
  2969 | D:4      | Found Tuhium's Antique Weapon Boutique.
  3088 | D:4      | Found a glowing golden altar of the Shining One.
  3118 | D:4      | 3118 ||| UPGRADING to +0 pair of boots.
  3123 | D:4      | 3123 ||| UPGRADING to +4 ring of protection.
  3124 | D:4      | 3124 ||| READING scroll labelled XEUVIU VEIZU.
  3125 | D:4      | 3125 ||| READING scroll labelled TOLAETUVON.
  3126 | D:4      | 3126 ||| READING scroll labelled XAOWAA ICRUBU.
  3144 | D:5      | Entered Level 5 of the Dungeon
  3148 | D:5      | 3148 ||| DRINKING potion of curing.
  3148 | D:5      | 3148 ||| (to cure confusion)
  3270 | D:5      | 3270 ||| Stepping ~*~*~tactically~*~*~ (hiding).
  3272 | D:5      | 3272 ||| Stepping ~*~*~tactically~*~*~ (hiding).
  3278 | D:5      | Reached skill level 6 in Axes
  3278 | D:5      | Reached XP level 7. HP: 37/43 MP: 7/7
  3283 | D:5      | HP: 1/43 [orc priest/divine providence (12)]
  3284 | D:5      | 3284 ||| DRINKING 2 potions of heal wounds.
  3286 | D:5      | Demolished by an ogre

Levels and vault maps discovered:
D:1:      minmay_arrival_wavy_path, layout_loops_ring
D:2:      layout_rooms, serial_shops, shop, minmay_stone_trees_small,
          nicolae_half_adder, uniq_jessica
D:3:      layout_loops_corners
D:4:      layout_basic, tso_altar, mainiacjoe_overflow_chevrons, serial_shops,
          nicolae_shop_industrial_runoff, nicolae_shop_peninsula
D:5:      layout_cave_pools, overflow_temple_1_default,
          minmay_temple_entry_ruins, gammafunk_ghost_split, minmay_ruined_shrine

Skill      XL: |  1  2  3  4  5  6 |
---------------+-------------------+-----
Axes           | 2 3 4 5 6 |  6.2
Fighting       | 4 |  4.2
Dodging        | 1 |  1.2
Armour         | |  3.2
Shields        | |  3.2

Action                     |  1- 3 |  4- 6 |  7- 9 || total
---------------------------+-------+-------+-------++-------
  Melee: War axe           |    75 |   177 |     8 ||   260
    Use: Scroll            |     1 |     8 |       ||     9
         Potion            |       |     2 |     1 ||     3
 Armour: Scale mail        |    47 |    84 |     2 ||   133
  Dodge: Dodged            |    35 |   111 |    23 ||   169
  Block: Buckler           |    18 |    32 |     7 ||    57

Table legend:
 A = Non-vault XP
 B = Vault XP
 C = Vault XP percentage of total XP
 D = Non-vault monster count
 E = Vault monster count
 F = Vault count percentage of total count
                 A         B        C        D         E       F
            +---------+---------+-------+---------+---------+-------
      Total |     580 |     113 |  16.3 |      76 |       5 |   6.2
            +---------+---------+-------+---------+---------+-------
        D:1 |      34 |       0 |   0.0 |      22 |       0 |   0.0
        D:2 |      36 |      63 |  63.6 |      18 |       3 |  14.3
        D:3 |      53 |       0 |   0.0 |      15 |       0 |   0.0
        D:4 |     238 |       0 |   0.0 |      14 |       0 |   0.0
        D:5 |     219 |      50 |  18.6 |       7 |       2 |  22.2
            +---------+---------+-------+---------+---------+-------
